[Event "Konyaalti Open-B 2019"]
[Site "Konyaalti"]
[Date "2019.11.23"]
[Round "9.12"]
[White "Akcun, Fayik"]
[Black "Kazik, Oguz Kagan"]
[Result "0-1"]
[ECO "B72"]
[WhiteElo "1676"]
[BlackElo "1638"]
[Annotator "NA"]
[PlyCount "116"]
[EventDate "2019.11.20"]
[EventType "swiss"]
[EventCountry "TUR"]
[SourceTitle "playchess.com"]
[Source "ChessBase"]
[SourceQuality "1"]
[TimeControl "5400+30"]

1. e4 c5 2. Nf3 d6 3. d4 cxd4 4. Nxd4 Nf6 5. Nc3 g6 6. Be3 Bg7 7. Bc4 O-O 8. Bb3 Ng4 9. Qd2 Nxe3 10. Qxe3 Nc6 11. Nce2 Bd7 12. c3 Na5 13. O-O Qc7 14. Rfd1 Rab8 15. Nc2 Nc4 16. Qc1 b5 17. Nb4 Qb7 18. Bxc4 bxc4 19. Qg5 Qxe4 20. Ng3 Qe5 21. Qh4 e6 22. Qe7 Ba4 23. Re1 Qb5 24. Qxa7 Rb7 25. Qe3 d5 26. Ne2 e5 27. a3 Rd8 28. Rac1 Qb6 29. Qxb6 Rxb6 30. f4 f6 31. Kf2 Bh6 32. g3 g5 33. h4 gxf4 34. gxf4 Kf7 35. Rg1 Ke6 36. Rg3 Kd6 37. Rcg1 Rbb8 38. Rf3 Ke6 39. fxe5 fxe5 40. Rg4 Rf8 41. Rgg3 Rxf3+ 42. Rxf3 Rf8 43. Na6 Rxf3+ 44. Kxf3 Bd1 45. a4 d4 46. cxd4 exd4 47. Kf2 Be3+ 48. Ke1 Bc2 49. Nc7+ Kd6 50. Nb5+ Kc5 51. Nc7 Bxa4 52. Ne6+ Kd5 53. Nf8 Bc2 54. h5 h6 55. Nd7 Bf5 56. Nb6+ Kc5 57. Ng3 Bg4 58. Na4+ Kb5 0-1

[Event "Konyaalti Open-B 2019"]
[Site "Konyaalti"]
[Date "2019.11.23"]
[Round "9.13"]
[White "Guler, Muhammed Talha"]
[Black "Yildiz, Tunahan"]
[Result "1-0"]
[ECO "A01"]
[WhiteElo "1646"]
[BlackElo "1752"]
[Annotator "NA"]
[PlyCount "75"]
[EventDate "2019.11.20"]
[EventType "swiss"]
[EventCountry "TUR"]
[SourceTitle "playchess.com"]
[Source "ChessBase"]
[SourceQuality "1"]
[TimeControl "5400+30"]

1. b3 a5 2. a4 Nf6 3. Bb2 g6 4. g3 Bg7 5. Bg2 O-O 6. e4 d6 7. Ne2 e5 8. O-O Re8 9. d3 c6 10. Nd2 Qc7 11. h3 Na6 12. f4 exf4 13. gxf4 Nd5 14. Qc1 Ne3 15. Rf3 Nxg2 16. Kxg2 f6 17. Ng3 Qe7 18. f5 g5 19. h4 gxh4 20. Nh5 Qf7 21. Nf4 Bh6 22. Qh1 Bg5 23. Kf2 Kf8 24. Nc4 Ke7 25. Re1 Qg7 26. Ng2 b5 27. axb5 cxb5 28. Nb6 Rb8 29. Nd5+ Kd7 30. Ngf4 Qf7 31. Ne6 Nc5 32. Nxc5+ dxc5 33. Qh2 Rb7 34. d4 c4 35. bxc4 bxc4 36. Ba3 Rxe4 37. Qd6+ Ke8 38. Rxe4+ 1-0

[Event "Konyaalti Open-B 2019"]
[Site "Konyaalti"]
[Date "2019.11.23"]
[Round "9.14"]
[White "Aksenov, Konstantin Al."]
[Black "Var, Sefa"]
[Result "1/2-1/2"]
[ECO "D11"]
[WhiteElo "1801"]
[BlackElo "1745"]
[Annotator "NA"]
[PlyCount "189"]
[EventDate "2019.11.20"]
[EventType "swiss"]
[EventCountry "TUR"]
[SourceTitle "playchess.com"]
[Source "ChessBase"]
[SourceQuality "1"]
[TimeControl "5400+30"]

1. d4 d5 2. Nf3 Nf6 3. c4 c6 4. g3 Bf5 5. Qb3 Nbd7 6. c5 b6 7. cxb6 axb6 8. Nc3 e6 9. Bg2 Be7 10. O-O O-O 11. Nh4 Bg4 12. h3 Bh5 13. Nf3 c5 14. g4 Bg6 15. Bf4 h5 16. g5 Ne4 17. h4 cxd4 18. Nxd4 Ndc5 19. Qd1 Qd7 20. Nxe4 Nxe4 21. Nf3 Qb5 22. Be5 Nd6 23. a4 Qd7 24. Bd4 Qb7 25. Ne5 Nf5 26. Nxg6 fxg6 27. Bh3 Qc6 28. Bxf5 Rxf5 29. f4 Bd6 30. e3 Raf8 31. Qb3 Qd7 32. Qb5 Qxb5 33. axb5 Rb8 34. Rac1 Rf7 35. Rc6 Rd7 36. Rfc1 Kf7 37. Bxb6 Ke7 38. Bd4 Rxb5 39. Bxg7 Rdb7 40. R1c2 Kd7 41. Bd4 Rb4 42. Bf6 Rb8 43. Ra6 R4b6 44. Ra7+ R6b7 45. Rxb7+ Rxb7 46. Kf2 Rb4 47. Bc3 Rb6 48. Bd4 Rb4 49. Kf3 Rb5 50. Rc1 Ra5 51. Rb1 Bb4 52. Ke2 Ra8 53. Kd3 Ra6 54. Bc3 Bxc3 55. Kxc3 Rc6+ 56. Kd3 Rb6 57. b4 Kc6 58. Kd4 Kd6 59. Rb2 Rb5 60. Kc3 e5 61. Ra2 Rb6 62. Ra8 exf4 63. exf4 Ke7 64. Ra7+ Ke6 65. Ra5 Rc6+ 66. Rc5 Rb6 67. b5 Kf5 68. Rxd5+ Kg4 69. Kc4 Kxh4 70. Kc5 Rb8 71. Rd6 Kg3 72. Rxg6 Kxf4 73. b6 Kf5 74. Rg7 h4 75. Kc6 Rc8+ 76. Kb7 Rc3 77. Kb8 h3 78. b7 h2 79. Rh7 Rc2 80. Ka7 Ra2+ 81. Kb6 Rb2+ 82. Kc6 Rc2+ 83. Kd6 Rd2+ 84. Kc7 Rc2+ 85. Kd8 Rd2+ 86. Ke8 Rb2 87. Rxh2 Rxh2 88. Kd8 Rb2 89. Kc7 Rc2+ 90. Kd7 Rd2+ 91. Kc7 Rc2+ 92. Kd7 Rb2 93. Kc7 Kxg5 94. b8=Q Rxb8 95. Kxb8 1/2-1/2

[Event "Konyaalti Open-B 2019"]
[Site "Konyaalti"]
[Date "2019.11.23"]
[Round "9.15"]
[White "Cekli, Cem"]
[Black "Kartal, Efe Onur"]
[Result "1-0"]
[ECO "D35"]
[WhiteElo "1812"]
[BlackElo "1745"]
[Annotator "NA"]
[PlyCount "73"]
[EventDate "2019.11.20"]
[EventType "swiss"]
[EventCountry "TUR"]
[SourceTitle "playchess.com"]
[Source "ChessBase"]
[SourceQuality "1"]
[TimeControl "5400+30"]

1. d4 Nf6 2. c4 e6 3. Nc3 d5 4. cxd5 exd5 5. Bg5 Be7 6. Qc2 O-O 7. e3 Re8 8. Bd3 c5 9. dxc5 d4 10. O-O-O dxc3 11. Bxf6 Bxf6 12. Bxh7+ Kh8 13. Rxd8 cxb2+ 14. Kb1 Rxd8 15. Be4 Nc6 16. Ne2 Be6 17. Bxc6 bxc6 18. Nf4 Bc8 19. Qa4 Bf5+ 20. e4 Rd4 21. Qxd4 Bxd4 22. exf5 Bxc5 23. Kxb2 Bxf2 24. Rd1 Rb8+ 25. Kc3 c5 26. Rd7 Rb4 27. g3 Bd4+ 28. Kd3 Rb2 29. Rxf7 Rxa2 30. Rf8+ Kh7 31. Ke4 g5 32. fxg6+ Kg7 33. Rf7+ Kg8 34. Ne6 Re2+ 35. Kd5 Rxe6 36. Kxe6 c4 37. Kd5 1-0